 Dungeon Crawl Stone Soup version 0.32-a0-842-gbbb8fdb (webtiles) character file.

Game seed: 13658178727305428239

38348 Wizard1ke the Grappler (level 13, -6/133 HPs)
             Began as a Troll Cinder Acolyte on Mar 26, 2024.
             Was an Initiate of Jiyva.
             Mangled by a manticore (9 damage)
             ... on level 5 of the Lair of Beasts.
             The game lasted 00:36:58 (14395 turns).

Wizard1ke the Grappler (Troll Cinder Acolyte)      Turns: 14395, Time: 00:36:59

Health: -6/133     AC:  8    Str: 33    XL:     13   Next: 63%
Magic:  13/13      EV:  8    Int: 10    God:    Jiyva [......]
Gold:   655        SH:  5    Dex:  7    Spells: 14/14 levels left

rFire   . .          .
                       - Unarmed
rCold   + + .        (no shield)
rNeg    . . .        G - +3 robe "Iggok" {rF+ rC+}
rPois   .            (helmet restricted)
rElec   .            E - +0 cloak
rCorr   .            (gloves unavailable)
SInv    .            (boots unavailable)
Will    .....        J - amulet of reflection
Stlth   +            v - ring of protection from cold
HPRegen 1.22/turn    Q - +6 ring of strength
MPRegen 0.13/turn

%: reflection
@: about to teleport, spiked, fire susceptible
A: large, unfitting armour, claws 3, regeneration 1, shaggy fur 1, tough skin 1
a: Renounce Religion


You were on level 5 of the Lair of Beasts.
You worshipped Jiyva.
Jiyva was noncommittal.
You visited 3 branches of the dungeon, and saw 17 of its levels.
You also visited: Sewer and Ice Cave.

You collected 1115 gold pieces.
You spent 460 gold pieces at shops.

Inventory:

Missiles
 f - 5 javelins
 q - 5 large rocks (quivered)
Armour
 E - a +0 cloak (worn)
 G - the +3 robe "Iggok" (worn) {rF+ rC+}
   (You found it on level 5 of the Lair of Beasts)

   rF+:       It protects you from fire.
   rC+:       It protects you from cold.
 V - a +0 troll leather armour
Jewellery
 e - a ring of protection from fire
 s - a ring of wizardry
 v - a ring of protection from cold (left claw)
 y - a +6 ring of strength
 D - a +6 ring of dexterity
 J - an amulet of reflection (around neck)
 Q - a +6 ring of strength (right claw)
Talismans
 u - a serpent talisman
Wands
 d - a wand of polymorph (5)
 L - a wand of roots (8)
 P - a wand of digging (2)
 R - a wand of charming (3)
 T - a wand of flame (43)
Scrolls
 g - 2 scrolls of vulnerability
 i - 5 scrolls of immolation
 j - a scroll of teleportation
 o - a scroll of revelation {unknown}
 p - a scroll of summoning {unknown}
 r - a scroll of identify
 A - 5 scrolls of fog
 C - 2 scrolls of enchant armour
 I - a scroll of poison {unknown}
 K - a scroll of blinking {unknown}
 N - a scroll of silence {unknown}
 O - a scroll of brand weapon {unknown}
 S - 3 scrolls of fear {unknown}
 U - a scroll of noise {unknown}
Potions
 a - 2 potions of ambrosia {unknown}
 b - 3 potions of attraction {unknown}
 c - 3 potions of mutation
 h - 3 potions of enlightenment {unknown}
 k - 2 potions of berserk rage {!q}
 l - 3 potions of curing
 m - 2 potions of lignification {unknown}
 n - 2 potions of degeneration {unknown}
 t - 5 potions of might
 w - 7 potions of brilliance
 x - a potion of magic {unknown}
 z - 5 potions of haste {unknown}
 B - 2 potions of cancellation {unknown}
 M - a potion of invisibility {unknown}


   Skills:
 - Level 10.0 Fighting
 - Level 12.0 Throwing
 - Level 12.0 Unarmed Combat
 - Level 1.0 Spellcasting
 - Level 2.1 Fire Magic
 + Level 4.0 Evocations
 - Level 10.0 Shapeshifting


You had 14 spell levels left.
You didn't know any spells.
Your spell library contained the following spells:

 Spells                   Type           Power      Damage    Failure   Level
 Scorch                   Fire           8%         2d5       22%         2
 Freeze                   Ice            0%         1d3       34%         1
 Slow                     Hex            0%         N/A       34%         1
 Cigotuvi's Dreadful Rot  Necr/Alch/Air  0%         N/A       45%         2
 Ensorcelled Hibernation  Hex/Ice        0%         N/A       45%         2
 Confusing Touch          Hex            0%         N/A       71%         3
 Frozen Ramparts          Ice            0%         1d1       71%         3
 Hailstorm                Conj/Ice       0%         3d5       71%         3
 Passwall                 Erth           0%         N/A       71%         3
 Swiftness                Air            0%         N/A       71%         3
 Vampiric Draining        Necr           0%         2d6       71%         3
 Flame Wave               Conj/Fire      2%         2d4       91%         4
 Dispel Undead            Necr           0%         3d6       98%         4
 Martyr's Knell           Necr/Summ      0%         N/A       98%         4
 Summon Cactus Giant      Summ           0%         N/A       100%        6


Dungeon Overview and Level Annotations

Branches:
Dungeon (11/15)            Temple (1/1) D:5            Lair (5/5) D:9
 Shoals (0/4) Lair:3       Spider (0/4) Lair:2        Slime (0/5) Lair:5
    Orc (0/2) D:9           Sewer (visited)           IceCv (visited)

Altars:
Ashenzari
Cheibriados
Dithmenos
Elyvilon
Fedhas
Gozag
Hepliaklqana
Kikubaaqudgha
Makhleb
Nemelex Xobeh
Okawaru
Qazlal
Ru
Sif Muna
Trog
Uskayaw
Vehumet
Wu Jian
Xom
Yredelemnul
Zin
The Shining One
Jiyva

Shops:
D:6 [=   D:11 *

Annotations:
D:11 1 runed translucent door, exclusion: door, poml's ghost, journeyman DsFi


Innate Abilities, Weirdness & Mutations

You are too large for most types of armour.
You have claws for hands.
Your natural rate of healing is unusually fast.
You are covered in fur. (AC +1)
You have tough skin. (AC +1)


Message History

You feel much better.
Your surroundings suddenly seem different. 2 yaks, a death yak and a manticore come into view.
The yak bellows! x2; The death yak bellows!
You block the manticore's attack. The manticore claws you.
The manticore closely misses you.
As you read the scroll of teleportation, it crumbles to dust.
You feel strangely unstable.
A death yak comes into view.
You block the death yak's attack.
A yak comes into view.
The manticore bites you!
The manticore claws you but does no damage. x2
The barbs in your skin will harm you if you move.
Continue?
The barbed spikes dig painfully into your body as you move.
* * * LOW HITPOINT WARNING * * *
The death yak bellows!
The death yak attacks as it pursues you!
The death yak closely misses you.
The yak bellows!
You mangle the manticore!! Your claw misses the manticore.
The manticore is moderately wounded.
The manticore bites you but does no damage.
The manticore claws you but does no damage. x2
The death yak gores you!
* * * LOW HITPOINT WARNING * * *
You feel better. The manticore bites you!!
* * * LOW HITPOINT WARNING * * *
You block the manticore's attack. The manticore claws you.
* * * LOW HITPOINT WARNING * * *
The death yak gores you!
* * * LOW HITPOINT WARNING * * *
Okay, then.
Okay, then.
Okay, then.
You feel better. The manticore bites you.
* * * LOW HITPOINT WARNING * * *
You block the manticore's attack. The manticore claws you!
You die...
Jiyva sends a jelly to digest your remains.

..ß... .....#
### ...##
###### #PP#
....
####P...###....
###.
#P...ß..P.Y....
# #....ß...YY#
###.ß..PYß..#
#....HßYß.P#
#..##.@...##
##....# ##..##
..## #.. #...
##.# .#


You could see 2 death yaks, a manticore and 3 yaks.

Vanquished Creatures
  5 hydras
  2 boulder beetles (Lair:1)
  3 two-headed ogres
  A death yak (IceCv)
  A skyshark (Lair:5)
  An arcanist (D:10)
  A lindwurm (Lair:5)
  4 elephants
  Joseph (D:8)
  A gargoyle (D:11)
  7 black mambas
  Maggie (D:6)
  11 cane toads
  Jeremiah (D:9)
  4 rime drakes
  15 komodo dragons
  A polar bear (Lair:4)
  A troll (D:11)
  Prince Ribbit (D:5)
  A hornet (D:7)
  10 blink frogs
  A culicivora (Lair:2)
  A jumping spider (Lair:1)
  A fire elemental (Lair:5)
  2 wyverns
  44 yaks
  3 basilisks
  A steam dragon (Lair:1)
  11 water moccasins
  4 ice beasts
  5 orc warriors
  A black bear (D:4)
  11 wolves
  3 centaurs
  5 kobold brigands
  A scorpion (D:5)
  15 bullfrogs
  A gnoll sergeant (D:5)
  4 wights (D:8)
  2 elephant simulacra (Lair:3)
  25 killer bees
  7 howler monkeys
  A bombardier beetle (D:4)
  A crimson imp (D:10)
  5 jellies
  6 hounds
  5 orc priests
  2 sleepcaps
  Terence (D:3)
  Crazy Yiuf (D:4)
  6 iguanas
  5 orc wizards
  2 polar bear simulacra (Lair:3)
  A wolf simulacrum (Lair:3)
  7 gnolls
  8 adders
  2 shadow imps
  A white imp (D:6)
  4 dart slugs
  A ribbon worm (D:2)
  38 orcs
  8 endoplasms
  2 giant cockroaches (D:1)
  6 goblins
  7 hobgoblins
  3 jackals (D:2)
  27 kobolds
  11 ball pythons
  7 bats
  10 frilled lizards (D:1)
  4 rats
403 creatures vanquished.

Vanquished Creatures (others)
  A hydra (Lair:5)
  3 jellies (Lair:5)
  A kobold (D:10)
5 creatures vanquished.

Grand Total: 408 creatures vanquished

Notes
Turn   | Place    | Note
-------+----------+-------------------------------------------
     0 | D:1      | Wizard1ke the Troll Cinder Acolyte began the quest for the
                  | Orb.
     0 | D:1      | Reached XP level 1. HP: 22/22 MP: 1/1
    86 | D:1      | Reached XP level 2. HP: 29/29 MP: 2/2
   275 | D:1      | Reached XP level 3. HP: 37/37 MP: 3/3
  1136 | D:2      | Reached XP level 4. HP: 45/45 MP: 4/4
  1398 | D:3      | Noticed Terence
  1421 | D:3      | Killed Terence
  2365 | D:4      | Reached XP level 5. HP: 54/54 MP: 5/5
  2454 | D:4      | Found a blossoming altar of Fedhas.
  2457 | D:4      | Found a stormy altar of Qazlal.
  2586 | D:4      | You fall into a shaft and drop 1 floor!
  2586 | D:5      | Entered Level 5 of the Dungeon
  2591 | D:5      | Found a burning altar of Makhleb.
  2752 | D:5      | Reached skill level 5 in Unarmed Combat
  2752 | D:5      | Reached XP level 6. HP: 37/63 MP: 6/6
  2804 | D:5      | Found an ornate altar of the Wu Jian Council.
  2869 | D:5      | Found a glowing drain.
  2886 | Sewer    | Entered a sewer
  3103 | Sewer    | Reached skill level 5 in Fighting
  3156 | D:5      | Noticed an orc warrior
  3172 | D:5      | Killed an orc warrior
  3173 | D:5      | Reached XP level 7. HP: 72/72 MP: 7/7
  3186 | D:5      | Noticed Prince Ribbit
  3205 | D:5      | Killed Prince Ribbit
  3206 | D:5      | Reached skill level 1 in Throwing
  3216 | D:5      | Found a glowing silver altar of Zin.
  3318 | D:4      | Found a radiant altar of Vehumet.
  3557 | D:4      | Found a snail-covered altar of Cheibriados.
  3597 | D:4      | Reached XP level 8. HP: 80/84 MP: 8/8
  3650 | D:4      | Found a runed translucent door.
  3651 | D:4      | Noticed Crazy Yiuf
  3815 | D:4      | Killed Crazy Yiuf
  4078 | D:5      | Found a staircase to the Ecumenical Temple.
  4087 | Temple   | Entered the Ecumenical Temple
  4669 | D:6      | Found Zomoc's Antique Armour Boutique.
  4781 | D:6      | Noticed Maggie
  4801 | D:6      | Killed Maggie
  5101 | D:6      | Found Wiosu's Jewellery Shop.
  5109 | D:6      | Bought an amulet of reflection for 330 gold pieces
  5143 | D:6      | Found a sacrificial altar of Ru.
  5263 | D:7      | Reached XP level 9. HP: 92/94 MP: 9/9
  5359 | D:7      | Identified the +0 spear of the Whale {distort, rElec rC-
                  | rN+ SInv}
  5626 | D:7      | Reached skill level 5 in Throwing
  5706 | D:7      | Found a white marble altar of Elyvilon.
  6137 | D:8      | Noticed Joseph
  6152 | D:8      | Killed Joseph
  6153 | D:8      | Reached XP level 10. HP: 63/107 MP: 10/10
  6318 | D:8      | Noticed a two-headed ogre
  6321 | D:8      | Killed a two-headed ogre
  6709 | D:9      | Found a sparkling altar of Nemelex Xobeh.
  6751 | D:9      | Found a staircase to the Orcish Mines.
  6784 | D:9      | Noticed a two-headed ogre
  6793 | D:9      | Killed a two-headed ogre
  6940 | D:9      | Reached skill level 10 in Unarmed Combat
  7221 | D:9      | Noticed Jeremiah
  7254 | D:9      | Killed Jeremiah
  7471 | D:9      | Found a shadowy altar of Dithmenos.
  7569 | D:9      | Found a staircase to the Lair.
  7806 | D:10     | Entered Level 10 of the Dungeon
  7810 | D:10     | Found a hide-covered altar of Uskayaw.
  7922 | D:10     | Reached XP level 11. HP: 107/115 MP: 11/11
  8180 | D:10     | Noticed an arcanist
  8196 | D:10     | Killed an arcanist
  8337 | D:10     | Noticed a two-headed ogre
  8349 | D:10     | Killed a two-headed ogre
  8693 | D:11     | Found a runed translucent door.
  8699 | D:11     | Found a shimmering altar of Xom.
  8699 | D:11     | Noticed a +1 mace of chaos
  8699 | D:11     | Noticed poml's ghost (journeyman DsFi)
  8811 | D:11     | Found Qeynuine's Assorted Antiques.
  8818 | D:11     | Bought a scroll labelled YNLAGY QYCHAS for 26 gold pieces
  8818 | D:11     | Bought a jewelled bronze wand for 104 gold pieces
  9357 | Lair:1   | Entered Level 1 of the Lair of Beasts
  9451 | Lair:1   | Found a hide-covered altar of Uskayaw.
  9454 | Lair:1   | Found an ornate altar of the Wu Jian Council.
  9454 | Lair:1   | Noticed a boulder beetle
  9482 | Lair:1   | Killed a boulder beetle
  9585 | Lair:1   | Reached skill level 10 in Fighting
  9604 | Lair:1   | Noticed a boulder beetle
  9609 | Lair:1   | Killed a boulder beetle
  9872 | Lair:1   | Reached skill level 10 in Throwing
 10192 | Lair:1   | Reached skill level 1 in Evocations
 10361 | Lair:1   | Reached XP level 12. HP: 75/126 MP: 12/12
 10585 | Lair:2   | Noticed a four-headed hydra
 10588 | Lair:2   | Killed a four-headed hydra
 11010 | Lair:2   | Noticed a five-headed hydra
 11018 | Lair:2   | Found a hole to the Spider Nest.
 11131 | Lair:2   | Killed a five-headed hydra
 11401 | Lair:2   | Reached skill level 1 in Shapeshifting
 11932 | Lair:3   | Found a frozen archway.
 11947 | Lair:3   | Reached skill level 5 in Shapeshifting
 11956 | IceCv    | Entered an ice cave
 11993 | IceCv    | Noticed a death yak
 11993 | IceCv    | Noticed a death yak
 12017 | IceCv    | Killed a death yak
 12117 | Lair:3   | Noticed an eight-headed hydra
 12161 | Lair:3   | Killed an eight-headed hydra
 12266 | Lair:3   | Reached XP level 13. HP: 126/133 MP: 13/13
 12343 | Lair:3   | Found a staircase to the Shoals.
 13601 | Lair:5   | Entered Level 5 of the Lair of Beasts
 13934 | Lair:5   | Found a staircase to the Slime Pits.
 13942 | Lair:5   | Found a viscous altar of Jiyva.
 13962 | Lair:5   | Fell from the grace of Ignis
 13962 | Lair:5   | Became a worshipper of Jiyva Jalyomia the Shapeless
 14176 | Lair:5   | Reached skill level 10 in Shapeshifting
 14296 | Lair:5   | Identified the +3 robe "Iggok" {rF+ rC+}
 14394 | Lair:5   | HP: 2/133 [death yak (11)]
 14395 | Lair:5   | Mangled by a manticore

Illustrated notes

Levels and vault maps discovered:
D:1:      dpeg_arrival_ternary, layout_basic, minmay_misc_feat_hallway,
          chequers_garden, palyth_stone_intersect, minmay_lizard_king
D:2:      layout_basic, chequers_serial_rivers_micro_b
D:3:      layout_basic, uniq_terence
D:4:      layout_cave_pods, grunt_temple_overflow_forces_of_nature,
          cheibriados_altar_1, lemuel_tele_altar,
          hangedman_decor_diamond_cutter, nicolae_underground_beach,
          uniq_crazy_yiuf_cottage
D:5:      layout_cave_pods, makhleb_heckhound_becter, amcnicky_altar_gilded,
          zin_statuary, temple_hall, portal_sewer_entry_d, uniq_prince_ribbit1
D:6:      layout_rooms, pf_just_have_faith, serial_shops,
          nicolae_shop_pleasant_corner_grove, minmay_shop_enchanted_jewellery,
          uniq_maggie
D:7:      layout_basic, lemuel_doored_altar
D:8:      layout_basic, uniq_joseph
D:9:      layout_basic, mainiacjoe_overflow_small_starburst,
          nicolae_dithmenos_shadow_blocks, lair_entry_dummy, orc_0_dummy,
          uniq_jeremiah
D:10:     layout_small_grid, old_standard_altar, hex_large, lightli_wizard_tower
D:11:     layout_basic, ebering_ghost_xom, serial_shops, nicolae_shop_waterfront
Temple:   chequers_temple_sunken
Lair:1:   layout_regular_city, minivault_26, nzn_masters_of_martial_movement
Lair:2:   layout_cave_pods, spider_nest_entry_rubble,
          hangedman_lair_generics_rect
Lair:3:   layout_loops_ring, shoals_dummy_entry,
          portal_ice_cave_entry_ice_simulacra, minmay_holes, st_stairs_10,
          beast_lair_carwin_9
Lair:4:   layout_roguey
Lair:5:   evilmike_catoblepas_cave, layout_long_grid,
          nicolae_slime_entry_field_trip, fungi_pond_lemuel,
          serial_bayou_shore_b, grunt_megastairs_2, lemuel_fruit_tree

Skill      XL: |  1  2  3  4  5  6  7  8  9 10 11 12 13 |
---------------+----------------------------------------+-----
Fighting       | 3 4 5 6 7 9 10 | 10.0
Unarmed Combat | 4 5 6 7 8 10 12 | 12.0
Throwing       | 2 3 5 8 10 12 | 12.0
Evocations     | 2 3 4 |  4.0
Shapeshifting  | 6 10 | 10.0
Spellcasting   | |  1.0
Fire Magic     | |  2.1

Action                     |  1- 3 |  4- 6 |  7- 9 | 10-12 | 13-15 || total
---------------------------+-------+-------+-------+-------+-------++-------
  Melee: Unarmed           |   104 |   163 |   221 |   520 |   217 ||  1225
         Punch             |       |     3 |     9 |    19 |    20 ||    51
  Throw: Large rock        |       |     4 |     2 |    39 |     7 ||    52
         Dart              |       |       |       |     4 |       ||     4
         Javelin           |       |       |       |     3 |       ||     3
 Invoke: Fiery Armour      |       |     1 |     3 |     2 |       ||     6
  Evoke: Wand              |       |       |       |     8 |     4 ||    12
    Use: Scroll            |       |       |       |    14 |     3 ||    17
         Potion            |       |       |       |     1 |     6 ||     7
   Stab: Sleeping          |       |       |     1 |       |       ||     1
 Armour: Robe              |    64 |   107 |    58 |       |    42 ||   271
         Steam dragon scal |       |       |    83 |   133 |       ||   216
         Troll leather arm |       |       |       |   261 |   164 ||   425
  Dodge: Dodged            |    39 |    51 |    72 |   146 |    61 ||   369
  Block: Other             |       |       |    22 |   100 |    29 ||   151
         Reflection        |       |       |       |     4 |       ||     4

Table legend: (Time is in decaauts)
 A = Elapsed time spent in this place.
 B = Non-inter-level travel time spent in this place.
 C = Inter-level travel time spent in this place.
 D = Time resting spent in this place.
 E = Time spent auto-exploring this place.
 F = Levels seen in this place.
 G = Mean time per level.
                   A        B        C        D        E       F      G
               +--------+--------+--------+--------+--------+-----+--------+
         Total |  14248 |  13575 |    673 |    677 |   9252 |  19 |  749.9 |
       Dungeon |   9044 |   8595 |    449 |    264 |   6204 |  11 |  822.2 |
        Temple |      1 |      1 |      0 |      0 |      0 |   1 |    1.0 |
          Lair |   4885 |   4661 |    224 |    405 |   2911 |   5 |  977.0 |
         Sewer |    254 |    254 |      0 |      8 |    121 |   1 |  254.0 |
      Ice Cave |     63 |     63 |      0 |      0 |     16 |   1 |   63.0 |
               +--------+--------+--------+--------+--------+-----+--------+

Top non-repeatable levels by time:
  Lair:2: 1334 daAuts
     D:5: 1165 daAuts
     D:9: 1150 daAuts
  Lair:1: 1126 daAuts
  Lair:3: 1105 daAuts
     D:3: 933 daAuts
     D:4: 900 daAuts
    D:10: 802 daAuts
     D:1: 796 daAuts
     D:8: 785 daAuts
  Lair:5: 769 daAuts
    D:11: 675 daAuts
     D:7: 649 daAuts
     D:6: 600 daAuts
     D:2: 583 daAuts
